Map: Cyber Forest LE

Players

NORTHAMERICA

  • Race: Protoss Protoss
  • League: Grandmaster
  • Spawn Location: 11:00

llllllllllll - Winner!

  • Race: Zerg Zerg
  • League: Master
  • Spawn Location: 5:00

VOD

Have the link to the VOD?

Description

Time

  • Played on: Aug. 6, 2019, 3:30 a.m.
  • Length: 4:10
Show
View Real Time Build Order
Export as new Build Order

NORTHAMERICA Protoss 

Build Orders: 1 Gate Expand, Oracle Opening 

Get SALT Encoding   

  12  0:01  Probe  
  13  0:13  Probe  
  14  0:21  Pylon  
  14  0:25  Probe  
  15  0:36  Probe  
  15  0:40  Gateway  
  16  0:44  Probe  
  17  0:50  Assimilator  
  17  0:53  Probe  
  18  1:06  Probe  
  19  1:18  Probe  
  20  1:26  Nexus  
  20  1:34  Cybernetics Core  
  20  1:37  Probe  
  21  1:45  Assimilator  
  21  1:49  Probe  
  21  1:53  Pylon  
  22  2:02  Probe, Adept  
  23  2:14  Probe  
  26  2:25  Stalker  
  26  2:26  Probe, Stargate  
  26  2:35  Probe  
  28  2:38  Probe  
  30  2:49  Gateway  
  30  2:50  Probe  
  31  2:52  Probe  
  32  3:00  Oracle  
  32  3:02  Probe  
  32  3:04  Probe  
  37  3:14  Probe  
  37  3:17  Probe  
  37  3:18  Shield Battery  
  39  3:26  Probe  
  40  3:29  Pylon, Probe  
  40  3:32  Oracle  
  41  3:38  Probe  
  41  3:39  Pylon  
  40  3:57  Shield Battery  
Show
View Real Time Build Order
Export as new Build Order

llllllllllll Zerg - Winner!

Build Orders: Pool First 

Get SALT Encoding   

  12  0:04  Drone  
  13  0:15  Overlord  
  13  0:20  Drone  
  14  0:33  Drone  
  14  0:34  Drone  
  16  0:40  Drone  
  17  0:46  Spawning Pool, Extractor  
  15  0:50  Drone  
  16  1:00  Drone  
  17  1:16  Hatchery  
  16  1:21  Drone  
  17  1:34  Zergling x4  
  17  1:38  Queen  
  21  1:47  Metabolic Boost  
  21  1:58  Roach Warren  
  20  2:02  Zergling x2  
  21  2:09  Overlord  
  21  2:39  Roach x5  
  31  2:48  Overlord  
  31  2:56  Overlord  
  31  2:59  Zergling x2  
  31  3:03  Zergling x2  
  33  3:09  Zergling x4  
  36  3:12  Zergling x2  
  36  3:19  Zergling x2  
  38  3:20  Zergling x2  
  38  3:23  Ravager  
  39  3:32  Roach  
  39  3:33  Zergling x2  
  39  3:34  Zergling x4  
  40  3:49  Zergling x2  
  40  3:50  Ravager  
  40  3:51  Ravager  
  35  3:57  Ravager  
Tags
 
Add a new tag
Caveats
  • Supply blocks, unpowered buildings, or Contaminate may cause inaccurate times.
  • Supply counts are checked every 10 seconds.